 Dungeon Crawl Stone Soup version 0.28-a0-1447-ga5a8893891 (webtiles) character file.

Game seed: 8879623212200768304

2405 enile the Thaumaturge (level 9, -1/97 HPs)
             Began as a Gnoll Wanderer on Jan 11, 2022.
             Was a Believer of Nemelex Xobeh.
             Slain by a water moccasin (8 damage)
             ... on level 7 of the Dungeon.
             The game lasted 00:15:24 (9471 turns).

enile the Thaumaturge (Gnoll Wanderer)              Turns: 9471, Time: 00:15:24

Health: -1/97      AC:  9    Str: 10    XL:     9   Next: 47%
Magic:  17/23      EV: 15    Int: 16    God:    Nemelex Xobeh [**....]
Gold:   377        SH:  0    Dex: 13    Spells: 18/28 levels left

rFire   + . .      SeeInvis .   k - +2 quarterstaff (chaos)
rCold   x . .      Faith    .   (shield currently unavailable)
rNeg    . . .      Spirit   .   y - +0 steam dragon scales
rPois   .          Reflect  .   (no helmet)
rElec   .          Harm     .   l - +1 cloak {Stlth+}
rCorr   +          Rampage  .   (no gloves)
Will    .....                   x - +0 pair of boots "Sadgh" {rCorr}
Stlth   ..........              (no amulet)
HPRegen 0.26/turn               m - ring of fire
MPRegen 0.18/turn               (no ring)

@: berserking, lethally poisoned (-1 -> -5), very quick
A: fangs 1, strong nose, distributed training
a: Renounce Religion, Draw Escape, Draw Destruction, Draw Summoning


You were on level 7 of the Dungeon.
You worshipped Nemelex Xobeh.
Nemelex Xobeh was pleased with you.
You visited 1 branch of the dungeon, and saw 7 of its levels.

You collected 377 gold pieces.

Inventory:

Hand Weapons
 a - a +0 dagger
 g - a +0 dagger of venom
 k - a +2 quarterstaff of chaos (weapon)
 n - a +1 whip of venom
 t - a +0 dagger of electrocution
 H - a +1 falchion of freezing
Missiles
 d - 14 boomerangs
 q - 6 javelins
Armour
 b - a +0 robe
 c - a +0 pair of boots
 l - a +1 cloak of stealth (worn)
 x - the +0 pair of boots "Sadgh" (worn) {rCorr}
   (You found it on level 6 of the Dungeon)

   rCorr:     It protects you from acid and corrosion.
 y - +0 steam dragon scales (worn)
Jewellery
 m - a ring of fire (left hand)
Wands
 u - a wand of digging (5)
 A - a wand of acid (7)
 G - a wand of paralysis (11)
 I - a wand of flame (7)
Scrolls
 f - a scroll of amnesia
 h - 5 scrolls of identify
 i - 3 scrolls of blinking {unknown}
 p - a scroll of enchant armour
 v - 2 scrolls of teleportation
 w - a scroll of acquirement {unknown}
 C - a scroll of noise {unknown}
 D - a scroll of enchant weapon {unknown}
 E - a scroll of summoning {unknown}
Potions
 e - 3 potions of brilliance {unknown}
 j - a potion of haste {unknown}
 o - 3 potions of heal wounds
 s - 2 potions of mutation {unknown}
 z - a potion of flight
 B - 2 potions of might {unknown}
 F - a potion of curing


   Skills:
 + Level 4.2 Fighting
 + Level 4.2 Short Blades
 + Level 4.2 Long Blades
 + Level 4.2 Axes
 + Level 4.2 Maces & Flails
 + Level 4.2 Polearms
 + Level 4.2 Staves
 + Level 4.2 Slings
 + Level 4.2 Bows
 + Level 4.2 Crossbows
 + Level 4.2 Throwing
 + Level 4.2 Armour
 + Level 7.9 Dodging
 + Level 4.2 Stealth
 + Level 4.2 Shields
 + Level 4.2 Unarmed Combat
 + Level 10.3 Spellcasting
 + Level 3.5 Conjurations
 + Level 3.5 Hexes
 + Level 6.5 Summonings
 + Level 3.5 Necromancy
 + Level 3.5 Translocations
 + Level 3.5 Transmutations
 + Level 3.5 Fire Magic
 + Level 3.5 Ice Magic
 + Level 3.5 Air Magic
 + Level 3.5 Earth Magic
 + Level 3.5 Poison Magic
 + Level 4.7 Invocations
 + Level 4.2 Evocations


You had 18 spell levels left.
You knew the following spells:

 Your Spells              Type           Power      Damage    Failure   Level
a - Summon Small Mammal   Summ           100%       N/A       1%          1
b - Static Discharge      Conj/Air       19%        N/A       3%          2
c - Call Canine Familiar  Summ           29%        N/A       1%          3
d - Summon Lightning Spi  Summ/Air       24%        N/A       11%         4

Your spell library contained the following spells:

 Spells                   Type           Power      Damage    Failure   Level
 Sandblast                Erth           38%        2d10      1%          1
 Corpse Rot               Necr/Air       38%        N/A       3%          2
 Passwall                 Tmut/Erth      15%        N/A       3%          2
 Stone Arrow              Conj/Erth      38%        3d9       6%          3
 Borgnjor's Revivificati  Necr           9%         N/A       100%        8
 Necromutation            Tmut/Necr      9%         N/A       100%        8
 Death's Door             Necr           9%         N/A       100%        9


Dungeon Overview and Level Annotations

Branches:
Dungeon (7/15)             Temple (0/1) D:6

Altars:
Cheibriados
Dithmenos
Fedhas
Hepliaklqana
Nemelex Xobeh
Qazlal
Ru
Trog
Uskayaw
Xom
Zin

Shops:
D:3 =


Innate Abilities, Weirdness & Mutations

You have very sharp teeth.
Your uncanny sense of smell can sniff out nearby items.
Your experience applies equally to all skills.


Message History

Something bites you.
You are poisoned.
Something poisons you!
You closely miss something. Your bite misses something.
You feel very sick. Something barely misses you.
Okay, then.
Casting: Summon Lightning Spire (dangerous; 11% risk of failure)
Confirm with . or Enter, or press ? or * to list all spells.
Okay, then.
Casting: Summon Lightning Spire (dangerous; 11% risk of failure)
Confirm with . or Enter, or press ? or * to list all spells.
An electric hum fills the air.
You feel very sick. Something barely misses you. x2
You feel sick. Something bites you.
You are more poisoned.
Something poisons you!
Casting: Summon Lightning Spire (dangerous; 11% risk of failure)
Confirm with . or Enter, or press ? or * to list all spells.
You feel very sick. Something barely misses you.
You feel very sick. Something bites you but does no damage.
Something bites you.
* * * LOW HITPOINT WARNING * * *
You feel very sick.
Your hound closely misses something.
You feel very sick.
Your hound completely misses something.
Your hound bites something.
Something bites you.
* * * LOW HITPOINT WARNING * * *
* * * LOW HITPOINT WARNING * * *
You feel sick.
Your hound barely misses something.
There is an open door here.
It was a potion of berserk rage.
A red film seems to cover your vision as you go berserk!
You feel yourself moving faster!
You feel mighty!
You feel sick. Something bites you!
You die...
Your body glows slightly and disappears.

.#####
#.....#.#.#####.#.###.# .#
##...###.## #.......# .#
###.# ##########.##### .#
##+# #.<>.†...# .## ##...##
#.#####..# ..# ##.....##
#.#####..# #.##
##.......###.##.##..#
...####.........##.#......#
......+.......h.@.......#.#
...####......8..##.#...##.#
#.## ##..[....###........#
#.# ##.....## #####.####
..# ##...## #.# ### ##+#
#.# #.# #.# #.#


You could see a friendly lightning spire (summoned) and a friendly hound
(summoned).

Vanquished Creatures
  A water moccasin (D:7)
  Duvessa (D:6)
  A black bear (D:7)
  A sky beast (D:7)
  A centaur (D:7)
  4 scorpions
  2 wyvern skeletons
  A water moccasin skeleton (D:4)
  A wight (D:6)
  A bullfrog zombie (D:7)
  2 hounds (D:5)
  A centaur zombie (D:7)
  A centaur skeleton (D:5)
  An orc priest (D:4)
  Terence (D:2)
  A howler monkey zombie (D:6)
  2 adders
  A white imp (D:5)
  2 dart slugs
  3 orcs
  3 ball pythons
  3 endoplasms (D:3)
  3 giant cockroaches
  3 goblins
  4 hobgoblins
  4 bats
  A frilled lizard (D:3)
  3 kobolds
  A rat (D:1)
54 creatures vanquished.

Vanquished Creatures (collateral kills)
  A steam dragon (D:6)
  A sky beast (D:6)
  2 ogres
  A necrophage (D:7)
  A centaur (D:7)
  A scorpion (D:5)
  Dowan (D:6)
  2 wights (D:6)
  A centaur skeleton (D:7)
  A hound (D:4)
  3 jellies
  Crazy Yiuf (D:2)
  4 orc priests (D:7)
  An iguana (D:6)
  3 orc wizards
  4 adders
  10 orcs
  2 ball pythons (D:3)
  3 bats (D:1)
  2 giant cockroaches
  2 hobgoblins (D:1)
  3 jackals (D:2)
  3 goblins
  2 kobolds
  5 rats
60 creatures vanquished.

Vanquished Creatures (others)
  A fungus (D:2)
  2 plants (D:4)
3 creatures vanquished.

Grand Total: 117 creatures vanquished

Notes
Turn   | Place    | Note
-------+----------+-------------------------------------------
     0 | D:1      | Reached skill level 9 in Spellcasting
     0 | D:1      | enile the Gnoll Wanderer began the quest for the Orb.
     0 | D:1      | enile set off with the following items: a +0 dagger, a +0
                  | robe, a +0 pair of boots; and the following spell
                  | memorised: Summon Small Mammal; and the following spells
                  | available to memorise: Call Canine Familiar, Corpse Rot,
                  | Static Discharge, Summon Lightning Spire
     0 | D:1      | Reached XP level 1. HP: 13/13 MP: 10/10
   277 | D:1      | Reached XP level 2. HP: 11/19 MP: 9/12
  1585 | D:2      | Noticed Terence
  1601 | D:2      | Learned a level 2 spell: Static Discharge
  1636 | D:2      | Killed Terence
  1637 | D:2      | Reached skill level 1 in Invocations
  1637 | D:2      | Reached XP level 3. HP: 9/25 MP: 8/13
  1987 | D:2      | Learned a level 3 spell: Call Canine Familiar
  1994 | D:2      | Reached skill level 1 in Fighting
  1994 | D:2      | Reached skill level 1 in Short Blades
  1994 | D:2      | Reached skill level 1 in Long Blades
  1994 | D:2      | Reached skill level 1 in Axes
  1994 | D:2      | Reached skill level 1 in Maces & Flails
  1994 | D:2      | Reached skill level 1 in Polearms
  1994 | D:2      | Reached skill level 1 in Staves
  1994 | D:2      | Reached skill level 1 in Slings
  1994 | D:2      | Reached skill level 1 in Bows
  1994 | D:2      | Reached skill level 1 in Crossbows
  1994 | D:2      | Reached skill level 1 in Throwing
  1994 | D:2      | Reached skill level 1 in Armour
  1994 | D:2      | Reached skill level 1 in Stealth
  1994 | D:2      | Reached skill level 1 in Shields
  1994 | D:2      | Reached skill level 1 in Unarmed Combat
  1994 | D:2      | Reached skill level 1 in Evocations
  2090 | D:2      | Reached XP level 4. HP: 31/32 MP: 11/15
  2396 | D:2      | Found a sparkling altar of Nemelex Xobeh.
  2431 | D:2      | Became a worshipper of Nemelex Xobeh the Trickster
  2807 | D:2      | Found a runed translucent door.
  2808 | D:2      | Noticed Crazy Yiuf
  3027 | D:2      | Killed Crazy Yiuf
  3028 | D:2      | Reached skill level 1 in Conjurations
  3028 | D:2      | Reached skill level 1 in Hexes
  3028 | D:2      | Reached skill level 1 in Necromancy
  3028 | D:2      | Reached skill level 1 in Translocations
  3028 | D:2      | Reached skill level 1 in Transmutations
  3028 | D:2      | Reached skill level 1 in Fire Magic
  3028 | D:2      | Reached skill level 1 in Ice Magic
  3028 | D:2      | Reached skill level 1 in Air Magic
  3028 | D:2      | Reached skill level 1 in Earth Magic
  3028 | D:2      | Reached skill level 1 in Poison Magic
  3167 | D:3      | Found a faded altar of an unknown god.
  3341 | D:3      | Found Zedwett's One-of-a-Kind Rings.
  3386 | D:3      | Reached XP level 5. HP: 37/37 MP: 16/16
  3641 | D:3      | Found a bloodstained altar of Trog.
  4469 | D:4      | Reached XP level 6. HP: 44/44 MP: 16/18
  4495 | D:4      | Reached * piety under Nemelex Xobeh
  4546 | D:4      | Found a shadowy altar of Dithmenos.
  4582 | D:4      | Found a blossoming altar of Fedhas.
  5002 | D:4      | Received a gift from Nemelex Xobeh
  5357 | D:5      | Entered Level 5 of the Dungeon
  5369 | D:5      | Reached XP level 7. HP: 51/51 MP: 17/20
  6070 | D:5      | Found a stormy altar of Qazlal.
  6075 | D:5      | Found a snail-covered altar of Cheibriados.
  6076 | D:5      | Found a hide-covered altar of Uskayaw.
  6254 | D:5      | Reached XP level 8. HP: 50/57 MP: 18/21
  6427 | D:5      | Found a glowing silver altar of Zin.
  6459 | D:5      | Reached ** piety under Nemelex Xobeh
  6581 | D:6      | Noticed Duvessa
  6581 | D:6      | Noticed Dowan
  6982 | D:6      | Found a sacrificial altar of Ru.
  7240 | D:6      | Identified the +0 pair of boots "Sadgh" {rCorr}
  7258 | D:6      | Learned a level 4 spell: Summon Lightning Spire
  7422 | D:6      | Found a staircase to the Ecumenical Temple.
  7703 | D:6      | Killed Duvessa
  7704 | D:6      | Reached skill level 10 in Spellcasting
  7710 | D:6      | Killed Dowan
  8061 | D:6      | Found a hazy altar of Hepliaklqana.
  8062 | D:6      | Found a shimmering altar of Xom.
  8063 | D:6      | Noticed a spectral ugly thing
  8321 | D:7      | Reached XP level 9. HP: 61/65 MP: 23/23
  9113 | D:7      | Received a gift from Nemelex Xobeh
  9471 | D:7      | Slain by a water moccasin

Illustrated notes

Levels and vault maps discovered:
D:1:      dpeg_arrival_round_b, layout_basic, minmay_hedge_maze,
          hangedman_feature_mirror, hangedman_decor_growths, minmay_cut_off
D:2:      layout_basic, basic_altar, uniq_terence, uniq_crazy_yiuf_cottage
D:3:      minmay_spotlight, layout_basic, lightli_temple_of_fire,
          nicolae_ecumenical_pavilion, nicolae_shop_unique_rings
D:4:      layout_cave_pools, mainiacjoe_overflow_concentric_impassable,
          fedhas_altar_1
D:5:      layout_basic, kennysheep_mini,
          chequers_temple_overflow_statue_of_worship, amethyst_killhole
D:6:      layout_loops_ring, regret_index_temple_of_mockery,
          hangedman_ru_absence, minmay_temple_entry_metal_lava,
          nicolae_concentric_dashed_squares_mild, bh_walls_and_bars,
          uniq_duvessa
D:7:      minmay_inner_zag, layout_loops_corners, amcnicky_mini_corridor_feature

Skill      XL: |  1  2  3  4  5  6  7  8  9 |
---------------+----------------------------+-----
Spellcasting   | 10 | 10.3
Invocations    | 1 2 3 4 |  4.7
Fighting       | 1 2 3 4 |  4.2
Short Blades   | 1 2 3 4 |  4.2
Long Blades    | 1 2 3 4 |  4.2
Axes           | 1 2 3 4 |  4.2
Maces & Flails | 1 2 3 4 |  4.2
Polearms       | 1 2 3 4 |  4.2
Staves         | 1 2 3 4 |  4.2
Slings         | 1 2 3 4 |  4.2
Bows           | 1 2 3 4 |  4.2
Crossbows      | 1 2 3 4 |  4.2
Throwing       | 1 2 3 4 |  4.2
Armour         | 1 2 3 4 |  4.2
Stealth        | 1 2 3 4 |  4.2
Shields        | 1 2 3 4 |  4.2
Unarmed Combat | 1 2 3 4 |  4.2
Evocations     | 1 2 3 4 |  4.2
Conjurations   | 1 2 3 |  3.5
Hexes          | 1 2 3 |  3.5
Necromancy     | 1 2 3 |  3.5
Translocations | 1 2 3 |  3.5
Transmutations | 1 2 3 |  3.5
Fire Magic     | 1 2 3 |  3.5
Ice Magic      | 1 2 3 |  3.5
Air Magic      | 1 2 3 |  3.5
Earth Magic    | 1 2 3 |  3.5
Poison Magic   | 1 2 3 |  3.5
Dodging        | 7 |  7.9
Summonings     | 6 |  6.5

Action                   |  1- 3 |  4- 6 |  7- 9 || total
-------------------------+-------+-------+-------++-------
Melee: Dagger            |    66 |    12 |       ||    78
       Bite              |    10 |     9 |    11 ||    30
       Quarterstaff      |       |    73 |   126 ||   199
 Cast: Summon Small Mamm |    44 |    16 |     8 ||    68
       Call Canine Famil |     5 |    17 |    25 ||    47
       Static Discharge  |       |     2 |       ||     2
       Summon Lightning  |       |       |    25 ||    25
Invok: Draw Destruction  |       |       |     4 ||     4
       Draw Summoning    |       |       |     4 ||     4
       Draw Escape       |       |       |     1 ||     1
  Use: Scroll            |     1 |     1 |     3 ||     5
       Potion            |       |     3 |     1 ||     4
 Stab: Sleeping          |       |     9 |     4 ||    13
       Distracted        |       |     1 |       ||     1
       Confused          |       |     1 |       ||     1
Armor: Robe              |    32 |    33 |    16 ||    81
       Steam dragon scal |       |       |    42 ||    42
Dodge: Dodged            |    96 |    89 |   128 ||   313

Table legend: (Time is in decaauts)
 A = Elapsed time spent in this place.
 B = Non-inter-level travel time spent in this place.
 C = Inter-level travel time spent in this place.
 D = Time resting spent in this place.
 E = Time spent auto-exploring this place.
 F = Levels seen in this place.
 G = Mean time per level.
                   A        B        C        D        E       F      G
               +--------+--------+--------+--------+--------+-----+--------+
         Total |   9501 |   9201 |    300 |      0 |   7699 |   7 | 1357.3 |
       Dungeon |   9501 |   9201 |    300 |      0 |   7699 |   7 | 1357.3 |
               +--------+--------+--------+--------+--------+-----+--------+

Top non-repeatable levels by time:
     D:6: 1613 daAuts
     D:2: 1603 daAuts
     D:1: 1560 daAuts
     D:5: 1296 daAuts
     D:7: 1221 daAuts
     D:3: 1216 daAuts
     D:4: 990 daAuts
